Map: Mist Opportunities

Players

ILUKerrigan

  • Race: Zerg Zerg
  • Spawn Location: 6:00

Vengeance

  • Race: Protoss Protoss
  • Spawn Location: 5:00

VOD

Have the link to the VOD?

Description

Time

  • Played on: May 17, 2025, 4:59 a.m.
  • Length: 30:07
Show
View Real Time Build Order
Export as new Build Order

ILUKerrigan Zerg 

Build Orders:  

Get SALT Encoding   

  12  0:03  Drone  
  13  0:22  Drone  
  13  0:23  Overlord  
  14  0:48  Drone x2  
  14  0:52  Drone  
  14  0:53  Drone  
  18  1:05  Drone  
  19  1:14  Spawning Pool  
  19  1:19  Drone  
  19  1:32  Overlord  
  19  1:39  Queen  
  21  1:51  Zergling x2  
  21  1:58  Zergling x4  
  22  2:08  Extractor  
  22  2:09  Zergling x2  
  22  2:14  Drone  
  23  2:28  Drone  
  24  2:41  Extractor  
  24  2:42  Drone  
  24  2:53  Drone  
  24  2:57  Zergling x3  
  24  2:58  Zergling  
  24  2:59  Zergling  
  25  3:00  Zergling  
  25  3:03  Drone  
  26  3:15  Drone x3  
  29  3:20  Queen  
  29  3:26  Hatchery  
  29  3:28  Zergling, Overlord  
  29  3:29  Zergling x3  
  30  3:30  Zergling  
  30  3:31  Zergling  
  30  3:57  Zergling x4  
  30  4:07  Zergling x3  
  30  4:08  Zergling  
  30  4:20  Drone x3  
  30  4:21  Overlord  
  30  4:24  Drone x2  
  35  4:34  Evolution Chamber x2  
  35  4:36  Zerg Melee Weapons Level 1  
  35  4:38  Drone  
  34  4:50  Drone x2  
  34  4:54  Drone  
  34  4:56  Drone  
  38  5:02  Drone  
  39  5:14  Overlord  
  39  5:15  Overlord  
  39  5:19  Zergling x2  
  39  5:25  Drone  
  41  5:33  Drone x3  
  44  5:45  Drone  
  44  5:46  Drone x2  
  44  5:49  Drone  
  47  5:50  Drone, Metabolic Boost  
  47  5:55  Drone  
  47  5:56  Lair, Drone  
  51  6:04  Overlord  
  51  6:07  Drone x2  
  53  6:21  Drone  
  54  6:32  Extractor  
  54  6:33  Overlord x2  
  54  6:35  Zergling  
  54  6:36  Zergling x4  
  54  6:37  Zergling  
  53  6:48  Drone x4  
  53  6:50  Extractor  
  56  7:06  Drone  
  56  7:07  Queen  
  56  7:09  Queen  
  56  7:10  Drone  
  61  7:23  Zerg Melee Weapons Level 2  
  61  7:28  Zerg Ground Armor Level 1  
  61  7:33  Drone  
  61  7:34  Drone  
  63  7:41  Drone  
  63  7:45  Hardened Carapace  
  64  8:04  Zergling x5, Nydus Network  
  64  8:06  Hydralisk Den x2, Drone  
  62  8:13  Queen  
  64  8:25  Zergling x12  
  64  8:26  Zergling x12  
  76  8:36  Overlord  
  76  8:37  Zergling, Overlord  
  76  8:38  Zergling x8  
  76  8:39  Zergling x7, Overlord  
  74  8:40  Zergling x2  
  74  8:41  Zergling x3  
  74  8:43  Zergling  
  74  8:53  Zergling  
  74  8:54  Zergling x6  
  74  8:55  Zergling x2  
  74  8:57  Zergling x3  
  74  8:58  Zergling  
  74  9:01  Zergling  
  74  9:02  Zergling x7  
  74  9:03  Zergling x3  
  74  9:04  Zergling  
  74  9:05  Zergling x2  
  74  9:06  Zergling  
  74  9:07  Zergling x3  
  74  9:17  Queen  
  74  9:18  Zergling  
  74  9:19  Zergling  
  74  9:20  Queen  
  74  9:21  Zergling x5  
  74  9:22  Zergling  
  74  9:23  Zergling x6  
  74  9:24  Zergling x2  
  74  9:27  Zergling x5  
  74  9:29  Zergling x4  
  73  9:30  Zergling  
  73  9:32  Zergling x4  
  73  9:34  Zergling x2  
  73  9:35  Zergling x2  
  73  9:39  Overlord x2, Overseer  
  72  9:45  Hydralisk  
  72  9:46  Hydralisk x7  
  84  10:07  Overseer  
  83  10:11  Ancillary Carapace  
  83  10:47  Hive  
  83  10:50  Overlord x2  
  83  10:56  Hydralisk  
  83  10:57  Hydralisk x10  
  105  11:33  Overseer  
  105  11:38  Zergling x2  
  105  11:40  Zergling  
  105  11:43  Zergling x2  
  105  11:46  Zergling x2  
  105  11:48  Zerg Melee Weapons Level 3, Unknown  
  105  11:55  Zerg Missile Weapons Level 1  
  105  12:06  Adrenal Overload  
  105  12:07  Overlord  
  105  12:08  Overlord x2  
  105  12:29  Zergling  
  105  12:30  Zergling  
  105  12:32  Zergling x2  
  105  12:35  Overlord  
  105  12:36  Overlord  
  105  12:43  Hydralisk  
  105  12:44  Hydralisk x6  
  119  12:52  Overseer  
  118  13:18  Zergling x2  
  118  13:19  Zergling x30  
  81  13:20  Zergling x10  
  118  13:24  Queen  
  118  13:25  Queen  
  127  14:27  Frenzy  
  127  14:28  Zergling x12, Overlord x2  
  127  14:29  Zergling x10, Overlord x2  
  88  14:30  Zergling x6  
  127  14:31  Zergling x10  
  127  14:32  Zergling x11  
  127  14:33  Zergling x5  
  127  14:34  Zergling x4  
  127  14:39  Zergling x2  
  89  14:40  Zergling x4  
  127  14:41  Zergling x19  
  127  14:42  Zergling x11  
  127  14:44  Hydralisk x6  
  127  14:45  Hydralisk x7, Zergling x6  
  127  14:46  Zergling x18  
  127  14:47  Zergling x9  
  127  14:48  Zergling x7  
  127  14:49  Zergling x2  
  153  14:50  Zergling x15  
  153  14:51  Zergling x14  
  153  14:52  Zergling x13  
  153  14:53  Zergling x7  
  153  14:54  Zergling x16  
  153  14:55  Zergling x3  
  153  14:56  Muscular Augments  
  152  15:02  Zergling x5  
  152  15:15  Overseer  
  152  15:34  Overseer  
  152  15:40  Drone  
  153  15:51  Omega Worm  
  153  16:13  Drone x2  
  153  16:16  Ultralisk Cavern  
  154  16:57  Spire  
  153  17:00  Spire  
  152  17:20  Overseer  
  152  17:22  Zergling x7  
  152  17:23  Zergling x17  
  152  17:24  Zergling x2  
  152  17:25  Zergling x13  
  152  17:26  Zergling x10  
  152  17:27  Zergling x17  
  152  17:28  Zergling x8  
  152  17:29  Zergling x12  
  152  17:30  Zergling x14  
  152  17:31  Zergling x3  
  152  17:32  Zergling x6  
  152  17:33  Zergling x5  
  152  17:35  Zergling x8  
  152  17:36  Zergling x4  
  152  17:37  Zergling x4  
  152  17:38  Zergling x7  
  152  17:39  Zergling x9  
  152  17:40  Zergling x8, Overseer  
  152  17:41  Zergling x6  
  152  17:42  Zergling x8  
  152  17:43  Zergling x3  
  152  17:44  Zergling x8  
  152  17:46  Zergling x5  
  144  18:16  Ultralisk x3  
  144  18:17  Ultralisk x3  
  144  18:29  Zergling x2  
  180  18:31  Zergling x4  
  180  18:32  Zergling x2  
  180  18:33  Zergling x8  
  180  18:34  Zergling x7  
  180  18:35  Zergling x3  
  180  18:36  Zergling x4  
  180  18:47  Overseer  
  180  19:00  Zergling x2  
  180  19:01  Zergling x6  
  180  19:03  Zergling x14  
  180  19:04  Zergling x8  
  180  19:05  Zergling x2  
  180  19:06  Zergling x7  
  180  19:07  Zergling x3  
  180  19:08  Zergling x10  
  180  19:09  Zergling  
  180  19:10  Zergling x7  
  180  19:24  Ultralisk  
  180  19:25  Ultralisk  
  190  19:42  Drone  
  190  19:44  Drone  
  190  19:47  Drone  
  193  20:22  Zergling x4  
  193  20:23  Zergling x3  
  193  20:24  Zergling x5  
  193  20:25  Zergling x3  
  193  21:01  Zergling x2  
  193  21:03  Hydralisk x2  
  193  21:04  Hydralisk  
  193  21:05  Zergling x7  
  193  21:06  Zergling x3  
  193  21:07  Zergling x3  
  193  21:08  Zergling x5  
  193  21:09  Zergling x5  
  200  21:10  Zergling x7  
  200  21:11  Zergling x8  
  200  21:12  Zergling x2  
  195  21:48  Zerg Missile Weapons Level 2  
  195  21:49  Zerg Ground Armor Level 2  
  195  21:55  Queen  
  195  22:00  Hatchery  
  196  22:12  Zergling x7  
  196  22:14  Zergling x3  
  196  22:15  Zergling x9  
  196  22:21  Overseer  
  196  22:38  Seismic Spines  
  195  22:55  Mutalisk  
  197  23:04  Shredding Claws  
  197  23:28  Zergling x10  
  197  23:29  Zergling x2  
  197  23:30  Zergling x5  
  197  23:31  Zergling x7  
  197  23:32  Zergling x5  
  197  23:33  Zergling  
  197  23:34  Zergling x4  
  197  23:35  Zergling  
  197  23:36  Zergling x2  
  197  23:37  Zergling x5  
  197  23:38  Zergling x6  
  197  23:40  Zergling  
  197  23:41  Zergling x10  
  197  23:42  Zergling x2  
  197  23:46  Ultralisk  
  194  24:02  Hydralisk x3  
  200  24:43  Zergling x9  
  200  24:46  Zergling x4  
  200  24:47  Zergling x2  
  200  24:48  Zergling x4  
  200  24:49  Zergling x2  
  200  24:50  Zergling x4  
  200  24:51  Zergling x3  
  200  24:52  Zergling x3  
  200  24:54  Zergling x4  
  200  24:55  Zergling x2  
  200  24:56  Zergling x5  
  200  24:57  Zergling x2  
  200  24:58  Zergling x2  
  200  24:59  Zergling  
  200  25:00  Zergling  
  200  25:02  Zergling x2  
  200  25:04  Zergling  
  200  25:06  Zergling  
  200  25:09  Overseer  
  192  25:10  Zergling  
  192  25:12  Zergling  
  188  25:40  Zergling  
  188  26:09  Mutalisk  
  188  26:10  Mutalisk x5  
  198  27:10  Ultralisk  
  198  27:14  Ultralisk x2  
  198  27:26  Ultralisk  
  196  27:42  Overseer  
  196  27:43  Overseer  
  196  27:47  Ultralisk  
  196  27:51  Ultralisk  
  194  28:05  Ultralisk  
  178  28:14  Chitinous Plating  
Show
View Real Time Build Order
Export as new Build Order

Vengeance Protoss 

Build Orders:  

Get SALT Encoding   

  12  0:00  Probe (Chrono Boost)  
  13  0:13  Probe (Chrono Boost)  
  14  0:27  Pylon  
  14  0:33  Probe (Chrono Boost)  
  15  0:45  Probe (Chrono Boost)  
  16  0:56  Gateway  
  16  0:57  Probe (Chrono Boost)  
  16  1:09  Probe (Chrono Boost)  
  17  1:16  Assimilator  
  18  1:21  Assimilator, Probe (Chrono Boost)  
  19  1:34  Probe (Chrono Boost)  
  20  1:46  Forge  
  20  1:56  Probe (Chrono Boost)  
  20  1:59  Sentinel  
  23  2:28  Probe (Chrono Boost)  
  23  2:29  Pylon  
  24  2:40  Pylon  
  24  2:47  Photon Cannon  
  24  2:50  Probe (Chrono Boost)  
  25  3:07  Cybernetics Core  
  25  3:09  Probe (Chrono Boost)  
  25  3:19  Sentinel  
  26  3:27  Probe (Chrono Boost)  
  28  3:39  Probe (Chrono Boost)  
  30  4:16  Warp Gate  
  30  4:30  Nexus  
  30  4:31  Probe (Chrono Boost)  
  31  4:42  Stargate  
  31  4:46  Probe (Chrono Boost)  
  32  5:03  Probe (Chrono Boost)  
  33  5:18  Probe (Chrono Boost)  
  34  5:33  Probe (Chrono Boost)  
  34  5:37  Stargate  
  35  5:44  Fleet Beacon  
  35  5:47  Probe (Chrono Boost)  
  36  6:03  Pylon  
  36  6:04  Pylon  
  36  6:06  Pylon  
  36  6:09  Probe (Chrono Boost)  
  37  6:15  Probe (Chrono Boost)  
  37  6:19  Assimilator  
  38  6:24  Assimilator  
  38  6:26  Probe (Chrono Boost)  
  39  6:30  Probe (Chrono Boost)  
  39  6:32  Probe (Chrono Boost)  
  39  6:33  Probe (Chrono Boost)  
  39  6:35  Probe (Chrono Boost)  
  39  6:39  Probe x2 (Chrono Boost)  
  40  6:42  Probe (Chrono Boost)  
  40  6:43  Probe (Chrono Boost)  
  40  6:45  Probe (Chrono Boost)  
  43  6:50  Probe (Chrono Boost)  
  48  7:00  Probe (Chrono Boost)  
  48  7:02  Repair Drones  
  50  7:11  Protoss Shields Level 1  
  50  7:13  Probe (Chrono Boost)  
  50  7:16  Probe (Chrono Boost)  
  52  7:25  Probe (Chrono Boost)  
  53  7:30  Probe (Chrono Boost)  
  53  7:37  Probe (Chrono Boost)  
  54  7:45  Probe (Chrono Boost)  
  56  7:53  Solar Efficiency Level 1  
  56  8:03  Protoss Air Weapons Level 1  
  56  8:07  Carrier  
  56  8:22  Carrier  
  68  8:57  Pylon  
  68  8:58  Pylon  
  66  9:11  Advanced Repair Systems  
  66  9:41  Carrier, Protoss Air Weapons Level 2  
  66  9:44  Carrier  
  72  10:15  Carrier  
  78  10:41  Unknown  
  78  10:46  Unknown  
  78  10:54  Pylon  
  78  11:04  Pylon  
  78  11:14  Photon Cannon  
  78  11:15  Photon Cannon  
  78  11:18  Photon Cannon  
  78  11:21  Photon Cannon  
  78  11:27  Carrier  
  78  11:28  Photon Cannon  
  78  11:30  Photon Cannon  
  78  11:35  Photon Cannon  
  78  11:37  Photon Cannon  
  90  12:01  Photon Cannon  
  90  12:02  Photon Cannon  
  90  12:04  Photon Cannon, Protoss Air Weapons Level 3  
  90  12:40  Pylon  
  90  12:41  Carrier  
  90  12:45  Photon Cannon  
  90  12:46  Photon Cannon  
  90  12:48  Photon Cannon  
  90  12:51  Photon Cannon  
  90  12:54  Shield Battery  
  90  12:56  Shield Battery  
  96  13:22  Pylon  
  96  13:24  Pylon  
  94  13:44  Carrier  
  94  13:48  Shield Battery  
  94  13:51  Shield Battery  
  94  13:53  Carrier  
  94  13:54  Protoss Air Armor Level 1  
  94  14:10  Shield Battery  
  94  14:13  Shield Battery  
  100  14:23  Shield Battery  
  100  14:27  Carrier, Shield Battery  
  100  14:34  Probe (Chrono Boost)  
  113  16:02  Carrier  
  119  16:35  Twilight Council  
  119  16:44  Protoss Air Armor Level 2  
  119  17:01  Carrier  
  119  17:05  Pylon  
  119  17:10  Pylon  
  119  17:19  Pylon  
  125  17:25  Pylon  
  125  17:32  Pylon  
  125  17:38  Pylon  
  125  17:44  Pylon  
  125  17:52  Pylon  
  125  18:01  Pylon  
  125  18:03  Pylon  
  125  18:05  Carrier  
  125  18:08  Pylon  
  125  18:11  Pylon  
  125  18:18  Carrier  
  125  18:20  Pylon  
  125  18:30  Pylon  
  125  18:35  Pylon  
  131  19:05  Photon Cannon  
  131  19:06  Carrier, Photon Cannon  
  131  19:09  Photon Cannon  
  131  19:11  Photon Cannon  
  131  19:17  Photon Cannon  
  131  19:19  Photon Cannon  
  131  19:23  Photon Cannon  
  131  19:27  Photon Cannon  
  131  19:36  Photon Cannon  
  131  19:39  Photon Cannon  
  131  19:41  Photon Cannon  
  131  19:43  Photon Cannon  
  131  19:48  Photon Cannon  
  137  19:50  Photon Cannon  
  137  19:52  Photon Cannon  
  137  19:54  Photon Cannon  
  137  20:01  Photon Cannon  
  137  20:05  Photon Cannon  
  137  20:07  Photon Cannon  
  143  20:15  Protoss Shields Level 2  
  143  20:16  Carrier  
  149  20:51  Protoss Air Armor Level 3  
  149  21:38  Carrier  
  149  21:56  Photon Cannon  
  149  21:59  Photon Cannon  
  155  22:05  Photon Cannon  
  155  22:08  Photon Cannon  
  155  22:09  Photon Cannon  
  155  22:10  Photon Cannon  
  155  22:19  Carrier  
  155  22:30  Photon Cannon  
  155  22:31  Photon Cannon  
  155  22:34  Photon Cannon  
  161  22:40  Carrier  
  161  22:48  Carrier  
  161  23:21  Probe (Chrono Boost)  
  162  23:36  Probe (Chrono Boost)  
  169  23:48  Carrier  
  181  25:14  Protoss Shields Level 3  
  181  26:29  Carrier x2  
  193  27:08  Carrier  
Tags
 
Add a new tag
Caveats
  • Supply blocks, unpowered buildings, or Contaminate may cause inaccurate times.
  • Supply counts are checked every 10 seconds.